 Dungeon Crawl Stone Soup version 0.21.1-1-g345015f (webtiles) character file.

161 tkdonut the Chopper (level 5, -16/47 HPs)
             Began as a Hill Orc Berserker on July 5, 2018.
             Was a Believer of Trog.
             Demolished by alaintno's ghost (18 damage)
             ... on level 3 of the Dungeon.
             The game lasted 00:03:54 (2576 turns).

tkdonut the Chopper (Hill Orc Berserker)            Turns: 2576, Time: 00:03:54

Health: -16/47     AC:  6    Str: 21    XL:     5   Next: 42%
Magic:  5/5        EV: 10    Int:  7    God:    Trog [**....]
Gold:   169        SH:  0    Dex: 10    Spells: 4/4 levels left

rFire    . . .     SeeInvis .   a - +0 hand axe
rCold    . . .     Gourm    .   (no shield)
rNeg     . . .     Faith    .   h - +0 scale mail
rPois    .         Spirit   .   (no helmet)
rElec    .         Reflect  .   (no cloak)
rCorr    .         Harm     .   (no gloves)
MR       .....                  (no boots)
Stlth    ..........             (no amulet)
HPRegen  0.15/turn              (no ring)
MPRegen  0.09/turn              (no ring)

@: no status effects
A: no striking features
a: Berserk, Trog's Hand, Burn Spellbooks, Renounce Religion


You were on level 3 of the Dungeon.
You worshipped Trog.
Trog was pleased with you.
You were not hungry.

You visited 1 branch of the dungeon, and saw 3 of its levels.

You collected 169 gold pieces.

Inventory:

Hand Weapons
 a - a +0 hand axe (weapon)
Armour
 h - a +0 scale mail (worn)
Scrolls
 b - a scroll of enchant armour {unknown}
 e - 3 scrolls of identify {unknown}
 g - 2 scrolls of remove curse {unknown}
 i - 2 scrolls of enchant weapon {unknown}
 m - 2 scrolls of teleportation {unknown}
 o - 2 scrolls of blinking {unknown}
Potions
 d - a potion of heal wounds {unknown}
 f - a potion of curing {unknown}
 j - a potion of berserk rage {unknown}
 k - a potion of flight {unknown}
 l - a potion of lignification {unknown}
Comestibles
 c - 6 rations
 n - 4 chunks of flesh


   Skills:
 + Level 4.7 Fighting
 + Level 6.0 Axes
 + Level 3.0 Armour
 + Level 2.0 Dodging
 + Level 1.0 Stealth


You had 4 spell levels left.
You didn't know any spells.

Dungeon Overview and Level Annotations

Branches:
Dungeon (3/15)

Altars:

Annotations:
D:3 alaintno's ghost, weakling HOBe


Message History

No target in view!
You now have 169 gold pieces (gained 14).
Alaintno's ghost (weakling Hill Orc Berserker) comes into view.
Alaintno's ghost turns its malevolent gaze towards you.
Things that are here:
a dagger x2
Found 2 amethyst potions.
Alaintno's ghost hits you!
You hit alaintno's ghost but do no damage.
Alaintno's ghost hits you!
You hit alaintno's ghost but do no damage.
Alaintno's ghost hits you!
* * * LOW HITPOINT WARNING * * *
You are too injured to fight recklessly!
Unknown command.
Alaintno's ghost hits you!
* * * LOW HITPOINT WARNING * * *
You hit alaintno's ghost but do no damage.
Alaintno's ghost hits you!!
You die...

#...[...<....#.....
#####...#...##..#.#
#...##.#.#.##.#
#...#####.. #.# #...#
##.##.. ##.#### #.##.#
########....... #...#.
#....!.W....## ##.###
#.####@......#.###...#.
#....).............#..#
#.####.......#. #......
##.####.........
#.#.###
#............###
#.#.### #.#######...##
#.#..## #.# ##.#
###.##.## #[# .#
#......## #.# #
#.#......


You could see alaintno's ghost.

Vanquished Creatures
  An ogre (D:3)
  A worker ant (D:3)
  An ooze (D:2)
  A dart slug (D:1)
  5 leopard geckos
  2 bats
  2 giant cockroaches (D:1)
  9 goblins
  3 hobgoblins
  2 quokkas
  2 ball pythons
  3 frilled lizards
  4 kobolds
  10 rats (D:1)
46 creatures vanquished.

Notes
Turn   | Place    | Note
-------+----------+-------------------------------------------
     0 | D:1      | tkdonut the Hill Orc Berserker began the quest for the Orb.
     0 | D:1      | Reached XP level 1. HP: 19/19 MP: 1/1
    90 | D:1      | Reached XP level 2. HP: 20/27 MP: 2/2
   793 | D:1      | Reached ** piety under Trog
  1115 | D:1      | Reached XP level 3. HP: 33/33 MP: 3/3
  1503 | D:2      | Reached skill level 5 in Axes
  2009 | D:3      | Reached XP level 4. HP: 19/41 MP: 4/4
  2475 | D:3      | Noticed an ogre
  2486 | D:3      | Killed an ogre
  2486 | D:3      | Reached skill level 6 in Axes
  2486 | D:3      | Reached skill level 1 in Stealth
  2486 | D:3      | Reached XP level 5. HP: 47/47 MP: 5/5
  2570 | D:3      | Noticed alaintno's ghost (weakling HOBe)
  2575 | D:3      | HP: 2/47 [alaintno's ghost (11)]
  2576 | D:3      | Demolished by alaintno's ghost

Skill      XL: |  1  2  3  4 |
---------------+-------------+-----
Fighting       | 4 |  4.7
Axes           | 5 6 |  6.0
Armour         | 3 |  3.0
Dodging        | 2 |  2.0
Stealth        | 1 |  1.0

Action                   |  1- 3 |  4- 6 || total
-------------------------+-------+-------++-------
Melee: Hand axe          |   144 |    18 ||   162
Invok: Berserk           |       |     2 ||     2
 Stab: Sleeping          |     2 |       ||     2
  Eat: Chunk             |     4 |     3 ||     7
Armor: Animal skin       |     6 |       ||     6
       Leather armour    |     3 |       ||     3
       Scale mail        |    28 |     2 ||    30
Dodge: Dodged            |    85 |     5 ||    90
